Match 47031622
Unlisted

Match 47031622
End
Kradschützen Motorcycle Team
Panzergrenadier Squad
250 Light Carrier
Construct Light Support Kompanie
Panzergrenadier Squad
Combat Half-tracks
Panzergrenadier Squad
Fire Support Elements
Selects Armored Support Battlegroup
Selects Veteran Gunners
Pak 38 Mechanized Group
Flakvierling Half-track
Vehicle Survival Package
Veteran Squad Leaders
Panzergrenadier Squad
Selects Salvage Kits
2.5-tonne Medical Truck
Construct Panzerarmee Kommand
Panzer III L Medium Tank
BamboneWertherone ITA
Capibimbambombolilalone ITA
Esxile
MonikaのPants
0
0

Comments sign in to comment!

No comments posted yet!